| TOP OF THE 1ST |
|
Fort Myers Palms batting - Pitching for Daytona Beach Islanders : RHP Michael Moore
|
|
Pitching: RHP Michael Moore
|
|
|
Batting: RHB Stanley Baker
|
0-0: Called Strike 0-1: Ground out 2-3 (Groundball, 15S, EV 66.9 MPH)
|
|
Batting: RHB Johnny Evans
|
0-0: Ball 1-0: Foul Ball, location: 2F 1-1: Ball 2-1: Ground out 4-3 (Groundball, 34, EV 87.5 MPH)
|
|
Batting: LHB Gus Burgess
|
0-0: Called Strike 0-1: Ball 1-1: Ball 2-1: Ball 3-1: Fly out, F6 (Line Drive, 6, EV 66.9 MPH)
|
| Top of the 1st over - 0 runs, 0 hits, 0 errors, 0 left on base; Fort Myers 0 - Daytona Beach 0 |
| BOTTOM OF THE 1ST |
|
Daytona Beach Islanders batting - Pitching for Fort Myers Palms : RHP David LaBounty
|
|
Pitching: RHP David LaBounty
|
|
|
Batting: SHB Michael Frierson
|
0-0: Ball 1-0: Called Strike 1-1: Ball 2-1: Called Strike 2-2: Fly out, F8 (Flyball, 8LM, EV 87.5 MPH)
|
|
Batting: RHB Antonio Alicea
|
0-0: Foul Ball, location: 2F 0-1: Swinging Strike 0-2: Strikes out swinging
|
|
Batting: LHB Benny Distefano
|
0-0: Ball 1-0: SOLO HOME RUN (Flyball, 9D, EV 111.3 MPH), Distance : 379 ft
|
|
Batting: LHB Danny Hernandez
|
0-0: Called Strike 0-1: Swinging Strike 0-2: Strikes out swinging
|
| Bottom of the 1st over - 1 run, 1 hit, 0 errors, 0 left on base; Fort Myers 0 - Daytona Beach 1 |
| TOP OF THE 2ND |
|
Fort Myers Palms batting - Pitching for Daytona Beach Islanders : RHP Michael Moore
|
|
Batting: LHB James Atkinson
|
0-0: Ball 1-0: Ball 2-0: Fly out, F8 (Flyball, 8RD, EV 88.1 MPH)
|
|
Batting: RHB Lindon Duncan
|
0-0: Ball 1-0: Called Strike 1-1: DOUBLE (Line Drive, 3D, EV 94.4 MPH)
|
|
Batting: RHB Matt Sinatro
|
0-0: Ball 1-0: Called Strike 1-1: Ball 2-1: Called Strike 2-2: SINGLE (Groundball, 6D, EV 100.0 MPH) Lindon Duncan to third Runner from 3rd tries for Home, throw by LF and OUT! 7-2 Matt Sinatro to second
|
|
Batting: RHB Carl Nichols
|
0-0: Called Strike 0-1: Foul Ball, location: 2F 0-2: Ball 1-2: Ball 2-2: Foul Ball, location: 2F 2-2: Strikes out swinging
|
| Top of the 2nd over - 0 runs, 2 hits, 0 errors, 1 left on base; Fort Myers 0 - Daytona Beach 1 |
| BOTTOM OF THE 2ND |
|
Daytona Beach Islanders batting - Pitching for Fort Myers Palms : RHP David LaBounty
|
|
Batting: RHB Douglas Wabeke
|
0-0: Called Strike 0-1: Ball 1-1: Ball 2-1: Called Strike 2-2: Ball 3-2: Ground out 3-1 (Groundball, 13, EV 85.6 MPH)
|
|
Batting: RHB Jeff Rutledge
|
0-0: Foul Ball, location: 2F 0-1: Called Strike 0-2: Ground out 6-3 (Groundball, 6, EV 83.1 MPH)
|
|
Batting: RHB Kalvin Adams
|
0-0: Ball 1-0: Fly out, F8 (Line Drive, 8LM, EV 85.0 MPH)
|
| Bottom of the 2nd over - 0 runs, 0 hits, 0 errors, 0 left on base; Fort Myers 0 - Daytona Beach 1 |
| TOP OF THE 3RD |
|
Fort Myers Palms batting - Pitching for Daytona Beach Islanders : RHP Michael Moore
|
|
Batting: RHB Jay Greb
|
0-0: Swinging Strike 0-1: Called Strike 0-2: Strikes out looking
|
|
Batting: SHB Porter Wyatt
|
0-0: Ground out U3 (Groundball, 3, EV 81.3 MPH)
|
|
Batting: RHB Stanley Baker
|
0-0: Foul Ball, location: 2F 0-1: SINGLE (Groundball, 6MD, EV 100.0 MPH)
|
|
Batting: RHB Johnny Evans
|
0-0: Called Strike 0-1: Ball 1-1: DOUBLE (Flyball, 78D, EV 88.1 MPH) Stanley Baker to third Runner from 3rd tries for Home, SAFE, throw by LF to trailing runner, OUT at third! 7-3-5
|
| Top of the 3rd over - 1 run, 2 hits, 0 errors, 0 left on base; Fort Myers 1 - Daytona Beach 1 |
| BOTTOM OF THE 3RD |
|
Daytona Beach Islanders batting - Pitching for Fort Myers Palms : RHP David LaBounty
|
|
Batting: RHB Francisco Gonzalez
|
0-0: Ball 1-0: Called Strike 1-1: Foul Ball, location: 2F 1-2: Foul Ball, location: 2F 1-2: Foul Ball, location: 2F 1-2: Ground out 1-3 (Groundball, P, EV 61.9 MPH)
|
|
Batting: RHB Robert Whitfield
|
0-0: Ball 1-0: Called Strike 1-1: Ball 2-1: Ground out 6-3 (Groundball, 6, EV 85.6 MPH)
|
|
Batting: SHB Michael Frierson
|
0-0: Foul Ball, location: 2F 0-1: Foul Ball, location: 2F 0-2: SINGLE (Groundball, 4M, EV 88.1 MPH) (infield hit)
|
|
Batting: RHB Antonio Alicea
|
0-0: Called Strike 0-1: Called Strike 0-2: Ground out 6-3 (Groundball, 6, EV 91.3 MPH)
|
| Bottom of the 3rd over - 0 runs, 1 hit, 0 errors, 1 left on base; Fort Myers 1 - Daytona Beach 1 |
| TOP OF THE 4TH |
|
Fort Myers Palms batting - Pitching for Daytona Beach Islanders : RHP Michael Moore
|
|
Batting: LHB Gus Burgess
|
0-0: Ball 1-0: Ground out U3 (Groundball, 3L, EV 80.6 MPH)
|
|
Batting: LHB James Atkinson
|
0-0: Swinging Strike 0-1: Fly out, F7 (Flyball, 7S, EV 88.8 MPH)
|
|
Batting: RHB Lindon Duncan
|
0-0: Ball 1-0: Ball 2-0: Called Strike 2-1: Ball 3-1: Ground out 4-3 (Groundball, 4, EV 85.0 MPH)
|
| Top of the 4th over - 0 runs, 0 hits, 0 errors, 0 left on base; Fort Myers 1 - Daytona Beach 1 |
| BOTTOM OF THE 4TH |
|
Daytona Beach Islanders batting - Pitching for Fort Myers Palms : RHP David LaBounty
|
|
Batting: LHB Benny Distefano
|
0-0: Called Strike 0-1: Ball 1-1: Foul Ball, location: 2F 1-2: Foul Ball, location: 2F 1-2: Fly out, F5 (Popup, 5SF, EV 79.4 MPH)
|
|
Batting: LHB Danny Hernandez
|
0-0: Called Strike 0-1: Fly out, F5 (Popup, 25F, EV 86.9 MPH)
|
|
Batting: RHB Douglas Wabeke
|
0-0: Ground out 4-3 (Groundball, 4, EV 82.5 MPH)
|
| Bottom of the 4th over - 0 runs, 0 hits, 0 errors, 0 left on base; Fort Myers 1 - Daytona Beach 1 |
| TOP OF THE 5TH |
|
Fort Myers Palms batting - Pitching for Daytona Beach Islanders : RHP Michael Moore
|
|
Batting: RHB Matt Sinatro
|
0-0: Ball 1-0: Ball 2-0: Ball 3-0: Called Strike 3-1: Fly out, F8 (Flyball, 8RS, EV 95.0 MPH)
|
|
Batting: RHB Carl Nichols
|
0-0: Called Strike 0-1: Ball 1-1: Ball 2-1: Ball 3-1: Foul Ball, location: 2F 3-2: Strikes out looking
|
|
Batting: RHB Jay Greb
|
0-0: Called Strike 0-1: Swinging Strike 0-2: Fly out, F8 (Line Drive, 8LM, EV 85.6 MPH)
|
| Top of the 5th over - 0 runs, 0 hits, 0 errors, 0 left on base; Fort Myers 1 - Daytona Beach 1 |
| BOTTOM OF THE 5TH |
|
Daytona Beach Islanders batting - Pitching for Fort Myers Palms : RHP David LaBounty
|
|
Batting: RHB Jeff Rutledge
|
0-0: Ball 1-0: Swinging Strike 1-1: Ball 2-1: Foul Ball, location: 2F 2-2: Fly out, F8 (Flyball, 8RD, EV 84.4 MPH)
|
|
Batting: RHB Kalvin Adams
|
0-0: Foul Ball, location: 2F 0-1: Foul Ball, location: 2F 0-2: Fly out, F9 (Line Drive, 9, EV 89.4 MPH)
|
|
Batting: RHB Francisco Gonzalez
|
0-0: Foul Ball, location: 2F 0-1: Called Strike 0-2: Ball 1-2: Ball 2-2: Ground out 4-3 (Groundball, 4, EV 90.6 MPH)
|
| Bottom of the 5th over - 0 runs, 0 hits, 0 errors, 0 left on base; Fort Myers 1 - Daytona Beach 1 |
| TOP OF THE 6TH |
|
Fort Myers Palms batting - Pitching for Daytona Beach Islanders : RHP Michael Moore
|
|
Batting: SHB Porter Wyatt
|
0-0: Ball 1-0: Foul Ball, location: 2F 1-1: Foul Ball, location: 2F 1-2: Foul Ball, location: 2F 1-2: Fly out, F8 (Flyball, 89D, EV 103.8 MPH)
|
|
Batting: RHB Stanley Baker
|
0-0: Called Strike 0-1: Foul Ball, location: 2F 0-2: Ground out 5-3 (Groundball, 5, EV 81.3 MPH)
|
|
Batting: RHB Johnny Evans
|
0-0: Ball 1-0: Foul Ball, location: 2F 1-1: Fly out, F9 (Line Drive, 9, EV 89.4 MPH)
|
| Top of the 6th over - 0 runs, 0 hits, 0 errors, 0 left on base; Fort Myers 1 - Daytona Beach 1 |
| BOTTOM OF THE 6TH |
|
Daytona Beach Islanders batting - Pitching for Fort Myers Palms : RHP David LaBounty
|
|
Batting: RHB Robert Whitfield
|
0-0: Called Strike 0-1: Reached on error, E5 (Groundball, 56, EV 106.3 MPH)
|
|
Batting: SHB Michael Frierson
|
0-0: Ball 1-0: Foul Ball, location: 2F 1-1: Called Strike 1-2: Fly out, F7 (Flyball, 7LM, EV 101.3 MPH)
|
|
Batting: RHB Antonio Alicea
|
0-0: SINGLE (Popup, 34D, EV 53.1 MPH) Robert Whitfield to second
|
|
Batting: LHB Benny Distefano
|
0-0: Ball 1-0: Swinging Strike 1-1: Swinging Strike 1-2: Foul Ball, location: 2F 1-2: Foul Ball, location: 2F 1-2: Ball 2-2: Foul Ball, location: 2F 2-2: Ball 3-2: Fly out, F4 (Line Drive, 4, EV 66.9 MPH)
|
|
Batting: LHB Danny Hernandez
|
0-0: Ball 1-0: Ball 2-0: Foul Ball, location: 2F 2-1: Fly out, F9 (Flyball, 9, EV 85.0 MPH)
|
| Bottom of the 6th over - 0 runs, 1 hit, 1 error, 2 left on base; Fort Myers 1 - Daytona Beach 1 |
| TOP OF THE 7TH |
|
Fort Myers Palms batting - Pitching for Daytona Beach Islanders : RHP Michael Moore
|
|
Batting: LHB Gus Burgess
|
0-0: Ground out 6-3 (Groundball, 6, EV 99.4 MPH)
|
|
Batting: LHB James Atkinson
|
0-0: Ball 1-0: Ball 2-0: Foul Ball, location: 2F 2-1: Foul Ball, location: 2F 2-2: Fly out, F7 (Flyball, 78D, EV 100.6 MPH)
|
|
Batting: RHB Lindon Duncan
|
0-0: Ball 1-0: Ball 2-0: Called Strike 2-1: SINGLE (Line Drive, 34D, EV 96.9 MPH)
|
|
Batting: RHB Matt Sinatro
|
0-0: Ball 1-0: Ball 2-0: Fly out, F4 (Flyball, 3D, EV 92.5 MPH)
|
| Top of the 7th over - 0 runs, 1 hit, 0 errors, 1 left on base; Fort Myers 1 - Daytona Beach 1 |
| BOTTOM OF THE 7TH |
|
Daytona Beach Islanders batting - Pitching for Fort Myers Palms : RHP David LaBounty
|
|
Batting: RHB Douglas Wabeke
|
0-0: Ball 1-0: Foul Ball, location: 2F 1-1: Ball 2-1: Swinging Strike 2-2: Fly out, F9 (Line Drive, 9, EV 92.5 MPH)
|
|
Batting: RHB Jeff Rutledge
|
0-0: Called Strike 0-1: SINGLE (Groundball, 6MD, EV 109.4 MPH)
|
|
Batting: RHB Kalvin Adams
|
0-0: Ball 1-0: Called Strike 1-1: SINGLE (Line Drive, 4D, EV 108.1 MPH) Jeff Rutledge to second
|
|
Batting: RHB Francisco Gonzalez
|
0-0: Swinging Strike 0-1: Ball 1-1: Ball 2-1: Foul Ball, location: 2F 2-2: Fly out, F7 (Line Drive, 7, EV 103.8 MPH)
|
|
Batting: RHB Robert Whitfield
|
0-0: Ball 1-0: Ball 2-0: Swinging Strike 2-1: Called Strike 2-2: Ball 3-2: SINGLE (Line Drive, 4D, EV 97.5 MPH) Jeff Rutledge to third Kalvin Adams to second Jeff Rutledge scores Kalvin Adams to third
|
|
Batting: SHB Michael Frierson
|
0-0: Foul Ball, location: 2F 0-1: Swinging Strike 0-2: Ball 1-2: Ball 2-2: Strikes out swinging
|
| Bottom of the 7th over - 1 run, 3 hits, 0 errors, 2 left on base; Fort Myers 1 - Daytona Beach 2 |
| TOP OF THE 8TH |
|
Fort Myers Palms batting - Pitching for Daytona Beach Islanders : RHP Michael Moore
|
|
Batting: RHB Carl Nichols
|
0-0: Fly out, F4 (Popup, 4S, EV 78.1 MPH)
|
|
Batting: RHB Jay Greb
|
0-0: SINGLE (Line Drive, 34D, EV 99.4 MPH)
|
|
Batting: SHB Porter Wyatt
|
0-0: Ball 1-0: Called Strike 1-1: Swinging Strike 1-2: Ball 2-2: Foul Ball, location: 2F 2-2: Foul Ball, location: 2F 2-2: Foul Ball, location: 2F 2-2: Strikes out looking
|
|
Batting: RHB Stanley Baker
|
0-0: Called Strike 0-1: Fly out, F9 (Flyball, 9D, EV 86.9 MPH)
|
| Top of the 8th over - 0 runs, 1 hit, 0 errors, 1 left on base; Fort Myers 1 - Daytona Beach 2 |
| BOTTOM OF THE 8TH |
|
Daytona Beach Islanders batting - Pitching for Fort Myers Palms : RHP David LaBounty
|
|
Batting: RHB Antonio Alicea
|
0-0: Ball 1-0: Swinging Strike 1-1: Ball 2-1: Swinging Strike 2-2: Ball 3-2: Strikes out swinging
|
|
Batting: LHB Benny Distefano
|
0-0: Ball 1-0: Called Strike 1-1: Ball 2-1: Swinging Strike 2-2: Strikes out swinging
|
|
Batting: LHB Danny Hernandez
|
0-0: SINGLE (Groundball, 4MD, EV 95.6 MPH)
|
|
Batting: RHB Douglas Wabeke
|
0-0: Ball 1-0: Swinging Strike 1-1: Ball 2-1: Foul Ball, location: 2F 2-2: Foul Ball, location: 2F 2-2: Ball 3-2: DOUBLE (Flyball, 8RD, EV 90.0 MPH) Danny Hernandez to third Danny Hernandez scores
|
|
Batting: RHB Jeff Rutledge
|
0-0: Called Strike 0-1: Ball 1-1: Swinging Strike 1-2: Foul Ball, location: 2F 1-2: Strikes out looking
|
| Bottom of the 8th over - 1 run, 2 hits, 0 errors, 1 left on base; Fort Myers 1 - Daytona Beach 3 |
| TOP OF THE 9TH |
|
Fort Myers Palms batting - Pitching for Daytona Beach Islanders : RHP Michael Moore
|
|
Pitching: LHP Richard Ford
|
|
|
Batting: RHB Johnny Evans
|
0-0: Ball 1-0: Ball 2-0: SINGLE (Groundball, 56D, EV 106.3 MPH)
|
|
Batting: LHB Gus Burgess
|
0-0: Foul Ball, location: 2F 0-1: Ball 1-1: Ball 2-1: Called Strike 2-2: Ball 3-2: SINGLE (Groundball, 4D, EV 95.0 MPH) Johnny Evans to second
|
|
Pinch Runner at 2nd Paul Fryer:
|
|
|
Batting: LHB James Atkinson
|
0-0: Ball 1-0: Called Strike 1-1: Ball 2-1: SINGLE (Groundball, 3D, EV 103.8 MPH) Paul Fryer to third Gus Burgess to second
|
|
Batting: RHB Lindon Duncan
|
0-0: Called Strike 0-1: Ball 1-1: Swinging Strike 1-2: Fly out, F9 (Flyball, 9S, EV 88.8 MPH)
|
|
Batting: RHB Matt Sinatro
|
0-0: Ball 1-0: Foul Ball, location: 2F 1-1: Swinging Strike 1-2: Ball 2-2: Foul Ball, location: 2F 2-2: Grounds into double play, 4-6-3 (Groundball, 4, EV 105.6 MPH)
|
| Top of the 9th over - 0 runs, 3 hits, 0 errors, 2 left on base; Fort Myers 1 - Daytona Beach 3 |
|